 Dungeon Crawl Stone Soup version 0.30-a0-25-gacc37e2db0 (webtiles) character file.

Game seed: 9905963680272427486

24635 Bartlander the Marksfrog (level 13, -3/100 HPs)
             Began as a Barachi Hunter on Aug 25, 2022.
             Was a High Priest of Dithmenos.
             Slain by an orc knight
             ... wielding a +0 broad axe
              (16 damage)
             ... on level 11 of the Dungeon.
             The game lasted 02:06:03 (15808 turns).

Bartlander the Marksfrog (Barachi Hunter)          Turns: 15808, Time: 02:06:03

Health: -3/100     AC: 19    Str: 13    XL:     13   Next: 14%
Magic:  18/18      EV: 13    Int: 11    God:    Dithmenos [*****.]
Gold:   1088       SH:  0    Dex: 25    Spells: 17/19 levels left

rFire   . . .      SeeInvis .    V - +0 longbow (venom)
rCold   . . .      Faith    .    (shield currently unavailable)
rNeg    . . .      Spirit   .    w - +0 chain mail
rPois   .          Reflect  .    y - +2 helmet
rElec   .          Harm     .    n - +0 cloak
rCorr   .          Rampage  .    j - +0 pair of gloves
Will    .....                    o - +1 pair of boots
Stlth   ..........               k - amulet of regeneration
HPRegen 1.06/turn                l - +4 ring of slaying
MPRegen 0.16/turn                s - +6 ring of dexterity

@: on berserk cooldown, slowed, wreathed by umbra, studying Dodging, very slow
A: amphibious, slowness 1, strong legs 2, +LOS
a: Hop, Renounce Religion, Shadow Step, Shadow Form


You were on level 11 of the Dungeon.
You worshipped Dithmenos.
Dithmenos was extremely pleased with you.
You visited 4 branches of the dungeon, and saw 19 of its levels.

You collected 1184 gold pieces.
You spent 96 gold pieces at shops.

Inventory:

Hand Weapons
 a - a +1 shortbow of flaming
 b - a +2 dagger of venom
 A - a +5 flail of holy wrath
 K - a +0 spear of pain
 V - a +0 longbow of venom (weapon)
Missiles
 u - 5 throwing nets
Armour
 c - a +0 leather armour
 j - a +0 pair of gloves (worn)
 n - a +0 cloak (worn)
 o - a +1 pair of boots (worn)
 w - a +0 chain mail (worn)
 y - a +2 helmet (worn)
 B - a +0 scale mail
Jewellery
 h - an amulet of faith
 k - an amulet of regeneration (around neck)
 l - a +4 ring of slaying (left hand)
 r - an amulet of guardian spirit
 s - a +6 ring of dexterity (right hand)
 G - a +6 ring of dexterity
 U - a +6 ring of dexterity
Wands
 C - a wand of paralysis (10)
 D - a wand of flame (71)
 F - a wand of digging (9)
 H - a wand of roots (16)
 Q - a wand of acid (8)
 R - a wand of mindburst (7)
 S - a wand of polymorph (7)
Scrolls
 e - 3 scrolls of immolation
 t - a scroll of butterflies
 N - 2 scrolls of magic mapping
 O - a scroll of poison
 P - a scroll of amnesia
Potions
 d - 5 potions of mutation
 f - 3 potions of flight
 g - a potion of berserk rage
 i - 2 potions of lignification
 m - a potion of might
 q - 2 potions of ambrosia
 v - a potion of cancellation {unknown}
 z - 2 potions of heal wounds {unknown}
 I - a potion of brilliance {unknown}
 J - 2 potions of magic {unknown}
 L - 2 potions of degeneration
 M - 2 potions of attraction {unknown}
 Y - a potion of invisibility {unknown}
Miscellaneous
 T - a box of beasts


   Skills:
 - Level 8.9 Fighting
 - Level 16.0 Ranged Weapons
 - Level 8.6 Armour
 - Level 13.0 Dodging
 - Level 3.8 Stealth
 - Level 3.9 Spellcasting
 + Level 5.2 Translocations
 + Level 2.0 Invocations


You had 17 spell levels left.
You knew the following spells:

 Your Spells              Type           Power      Damage    Failure   Level
a - Blink                 Tloc           26%        N/A       61%         2

Your spell library contained the following spells:

 Spells                   Type           Power      Damage    Failure   Level
 Gell's Gravitas          Tloc           13%        N/A       83%         3
 Teleport Other           Tloc           13%        N/A       83%         3
 Magic Dart               Conj           8%         1d3       99%         1
 Slow                     Hex            8%         N/A       99%         1
 Sting                    Tmut/Pois      8%         1d3       99%         1
 Poisonous Vapours        Pois/Air       4%         N/A       100%        2
 Searing Ray              Conj           4%         2d4       100%        2
 Confusing Touch          Hex            2%         N/A       100%        3
 Dazzling Flash           Conj/Hex       4%         N/A       100%        3
 Inner Flame              Hex/Fire       2%         N/A       100%        3
 Vampiric Draining        Necr           2%         2d6       100%        3
 Animate Dead             Necr           2%         N/A       100%        4
 Cause Fear               Hex            1%         N/A       100%        4
 Fulminant Prism          Conj/Hex       1%         3d6       100%        4
 Hailstorm                Conj/Ice       2%         3d3       100%        4
 Ice Form                 Ice/Tmut       2%         N/A       100%        4
 Olgreb's Toxic Radiance  Pois           2%         N/A       100%        4
 Summon Ice Beast         Ice/Summ       2%         N/A       100%        4
 Agony                    Necr           2%         N/A       100%        5
 Borgnjor's Vile Clutch   Necr/Erth      1%         N/A       100%        5
 Silence                  Hex/Air        1%         N/A       100%        5
 Summon Mana Viper        Hex/Summ       2%         N/A       100%        5
 Death Channel            Necr           1%         N/A       100%        6
 Simulacrum               Ice/Necr       1%         N/A       100%        6
 Haunt                    Necr/Summ      1%         N/A       100%        7
 Malign Gateway           Summ/Tloc      3%         N/A       100%        7
 Monstrous Menagerie      Summ           1%         N/A       100%        7
 Discord                  Hex            1%         N/A       100%        8
 Infestation              Necr           1%         N/A       100%        8


Dungeon Overview and Level Annotations

Branches:
Dungeon (12/15)            Temple (1/1) D:5            Lair (4/5) D:9
 Spider (0/4) Lair:2          Orc (2/2) D:11
  Swamp: Lair:2-3    Shoals: Lair:2-3     Slime: Lair:4-5       Elf: Orc:2

Altars:
Ashenzari
Cheibriados
Dithmenos
Elyvilon
Fedhas
Gozag
Hepliaklqana
Kikubaaqudgha
Makhleb
Nemelex Xobeh
Okawaru
Qazlal
Ru
Sif Muna
Trog
Uskayaw
Vehumet
Wu Jian
Xom
Yredelemnul
Zin
The Shining One

Shops:
D:5 *   D:9 *

Annotations:
D:4 2 transporters, Sigmund
D:5 2 runed translucent doors, jvdsbvj's ghost, novice SpEn
D:7 1 runed translucent door, crabbyslav's ghost, amateur DsVM
D:12 Jorgrun


Innate Abilities, Weirdness & Mutations

You are amphibious.
You cover ground slowly.
You can hop long distances.
You have an extended range of vision and can be seen from far away.


Message History

Okay, then.
Fire: V) +0 longbow (venom)
Press: ? - help, Q - select action, (/) - cycle Shift-Dir - straight line, f - orc knight
Aim: an orc knight, wielding a +0 broad axe and wearing a +0 chain mail (umbra, 73% to hit)
Okay, then.
Unknown command.
Do you really want to go berserk while wielding your +0 longbow of venom?
A red film seems to cover your vision as you go berserk!
You feel yourself moving faster!
You feel mighty!
The orc knight hits you with a +0 broad axe!!
* * * LOW HITPOINT WARNING * * *
You feel a strong urge to attack something.
There is an open door here.
You feel your anger nearly subside.
You are no longer berserk.
You are exhausted.
You feel yourself slow down.
There is an open door here.
Casting: Blink (dangerous; 61% risk of failure)
Confirm with . or Enter, or press ? or * to list all spells.
Okay, then.
Okay, then.
As you read the scroll of butterflies, it crumbles to dust.
You hear the tinkle of a tiny bell.
You are ready to hop once more.
The orc knight hits your butterfly with a +0 broad axe!
Your butterfly dies!
Your butterfly disappears in a burst of colours!
The orc knight closely misses your butterfly.
The orc knight hits your butterfly with a +0 broad axe!
Your butterfly dies!
Your butterfly disappears in a burst of colours!
Fire: V) +0 longbow (venom)
Press: ? - help, Q - select action, (/) - cycle Shift-Dir - straight line, f - orc knight
Aim: an orc knight, wielding a +0 broad axe and wearing a +0 chain mail (ally target, umbra, 73% to hit)
You shoot an arrow.
The arrow hits the orc knight but does no damage.
The orc knight is poisoned.
The orc knight hits you with a +0 broad axe!
You die...

#................................
#.................##########'####
#..............##.#..))..........
#.....#...........##)ยง#.#########
#...............####)##.#########
#............b#.# #....#........
#..........b.bb.#####'###########
#...............#.#..............
#(#..##..#...##b@o'......####....
..............bb#.#..............
.############.b.#b#######........
.#..........#b..#b..##..#.#######
.##'####.####...######..#........
....####.#.......#####..#########
....#....#.......#.............#
..#.#....#<......#.............#
..#.#....#.......#.............#


You could see an orc knight (very poisoned, ally target).

Vanquished Creatures
  3 hydras
  A two-headed ogre (D:9)
  3 lindwurms (Lair:2)
  An orc sorcerer (Orc:1)
  2 cyclopes
  A gargoyle (D:11)
  7 elephants
  An unseen horror (D:11)
  8 cane toads
  2 komodo dragons
  A kobold demonologist (D:8)
  7 trolls
  Prince Ribbit (D:5)
  2 dream sheep (Lair:4)
  4 wraiths
  4 shadows
  3 vampires
  A wyvern (D:8)
  A basilisk (D:10)
  15 yaks
  2 vampire mosquitoes (D:11)
  2 steam dragons
  Edmund (D:5)
  2 acid dragons
  A warg (D:11)
  10 water moccasins
  Duvessa (D:7)
  8 orc warriors
  2 ice beasts
  5 black bears
  A sky beast (D:6)
  5 wolves (Lair:2)
  2 centaurs
  An ogre (D:5)
  2 phantoms
  4 kobold brigands
  8 bullfrogs
  3 gnoll sergeants
  A necrophage (D:5)
  4 scorpions
  7 wights
  Dowan (D:7)
  12 killer bees
  An electric eel (Lair:1)
  A bullfrog zombie (D:6)
  A centaur zombie (D:6)
  2 jellies
  4 orc priests
  A gnoll bouda (D:6)
  Ijyb (D:5)
  12 orc wizards
  5 iguanas
  15 gnolls
  6 adders
  2 shadow imps (D:6)
  12 white imps (D:12)
  3 ufetubi
  4 worms
  A dart slug (D:6)
  37 orcs
  2 ball pythons
  12 endoplasms
  7 giant cockroaches
  10 goblins
  3 hobgoblins
  4 jackals (D:5)
  6 quokkas
  8 bats
  5 frilled lizards
  11 kobolds
  3 rats
332 creatures vanquished.

Vanquished Creatures (others)
  A gnoll (Orc:1)
  32 fungi
  74 plants
107 creatures vanquished.

Grand Total: 439 creatures vanquished

Notes
Turn   | Place    | Note
-------+----------+-------------------------------------------
     0 | D:1      | Bartlander the Barachi Hunter began the quest for the Orb.
     0 | D:1      | Reached XP level 1. HP: 17/17 MP: 1/1
   340 | D:1      | Reached skill level 1 in Stealth
   479 | D:1      | Reached XP level 2. HP: 23/23 MP: 2/2
   679 | D:1      | Reached XP level 3. HP: 27/28 MP: 3/3
  1156 | D:2      | Reached skill level 5 in Ranged Weapons
  1330 | D:2      | Reached XP level 4. HP: 34/34 MP: 4/4
  1660 | D:2      | Found a shadowy altar of Dithmenos.
  1687 | D:2      | Became a worshipper of Dithmenos the Shadowed
  2083 | D:3      | Reached skill level 6 in Ranged Weapons
  2090 | D:3      | Reached XP level 5. HP: 39/39 MP: 5/5
  2500 | D:4      | Found a transporter.
  2580 | D:4      | Noticed Sigmund
  3007 | D:5      | Entered Level 5 of the Dungeon
  3007 | D:5      | Noticed a black bear
  3012 | D:5      | Killed a black bear
  3013 | D:5      | Reached skill level 7 in Ranged Weapons
  3013 | D:5      | Reached XP level 6. HP: 46/46 MP: 6/6
  3039 | D:5      | Reached * piety under Dithmenos
  3120 | D:5      | Reached skill level 8 in Ranged Weapons
  3120 | D:5      | Reached XP level 7. HP: 51/51 MP: 7/7
  3123 | D:5      | Noticed Prince Ribbit
  3142 | D:5      | Noticed Edmund
  3155 | D:5      | Killed Edmund
  3196 | D:5      | Killed Prince Ribbit
  3197 | D:5      | Reached skill level 9 in Ranged Weapons
  3227 | D:5      | Noticed Ijyb
  3238 | D:5      | Killed Ijyb
  3348 | D:5      | Reached XP level 8. HP: 57/57 MP: 8/8
  3398 | D:5      | Found an opulent altar of Gozag.
  3398 | D:5      | Found a shimmering altar of Xom.
  3477 | D:5      | Found a runed translucent door.
  3478 | D:5      | Noticed jvdsbvj's ghost (novice SpEn)
  3594 | D:5      | Found Naolue's Gadget Gallery.
  3617 | D:5      | Found a staircase to the Ecumenical Temple.
  3627 | D:5      | Found a runed translucent door.
  3700 | D:5      | Reached skill level 10 in Ranged Weapons
  3860 | Temple   | Entered the Ecumenical Temple
  3860 | Temple   | Found a transporter.
  3860 | Temple   | Found a transporter.
  3861 | Temple   | Found a transporter.
  3861 | Temple   | Found a transporter.
  4145 | D:4      | Found a transporter.
  4478 | D:6      | Found a snail-covered altar of Cheibriados.
  4674 | D:6      | Noticed a troll
  4691 | D:6      | Killed a troll
  4692 | D:6      | Reached skill level 11 in Ranged Weapons
  4892 | D:6      | Found a basalt altar of Yredelemnul.
  4910 | D:6      | Reached XP level 9. HP: 62/62 MP: 9/9
  5209 | D:7      | Reached skill level 12 in Ranged Weapons
  5259 | D:7      | Noticed Dowan
  5262 | D:7      | Noticed Duvessa
  5273 | D:6      | Reached ** piety under Dithmenos
  5973 | D:7      | Reached skill level 13 in Ranged Weapons
  6255 | D:7      | Killed Duvessa
  6262 | D:7      | Killed Dowan
  6286 | D:7      | Found a runed translucent door.
  6286 | D:7      | Noticed crabbyslav's ghost (amateur DsVM)
  6286 | D:7      | Noticed a deep elf pyromancer
  6344 | D:7      | Reached skill level 14 in Ranged Weapons
  6666 | D:8      | Reached XP level 10. HP: 67/68 MP: 10/10
  6753 | D:8      | Reached *** piety under Dithmenos
  6846 | D:8      | Found a bloodstained altar of Trog.
  7347 | D:8      | Reached skill level 15 in Ranged Weapons
  8729 | D:9      | Reached skill level 16 in Ranged Weapons
  8831 | D:8      | Reached **** piety under Dithmenos
  8841 | D:8      | Reached skill level 1 in Armour
  9085 | D:9      | Reached XP level 11. HP: 52/75 MP: 11/11
  9169 | D:9      | Reached skill level 5 in Dodging
  9469 | D:9      | Reached skill level 5 in Fighting
  9485 | D:9      | Found a staircase to the Lair.
  9582 | D:9      | Found Ateit's General Store.
  9669 | D:9      | Noticed a two-headed ogre
  9676 | D:9      | Killed a two-headed ogre
  9986 | D:9      | Got the Catalogue of Planar Ice
 10006 | D:9      | Learned a level 2 spell: Blink
 10115 | D:9      | Bought a scroll of butterflies for 48 gold pieces
 10115 | D:9      | Bought a scroll of butterflies for 48 gold pieces
 10148 | D:10     | Entered Level 10 of the Dungeon
 10449 | D:10     | Reached skill level 1 in Spellcasting
 10449 | D:10     | Reached skill level 1 in Translocations
 10883 | D:11     | Noticed an eight-headed hydra
 11518 | D:11     | Killed an eight-headed hydra
 11608 | D:11     | Found a staircase to the Orcish Mines.
 12061 | D:11     | Noticed a cyclops
 12066 | D:11     | Killed a cyclops
 12260 | D:11     | Reached XP level 12. HP: 48/87 MP: 17/17
 12428 | D:12     | Found a frozen archway.
 12552 | D:12     | Noticed a five-headed hydra
 12555 | D:12     | Reached skill level 10 in Dodging
 12774 | Lair:1   | Entered Level 1 of the Lair of Beasts
 12874 | Lair:1   | You fall into a shaft and drop 1 floor!
 12904 | Lair:1   | Reached skill level 5 in Armour
 13254 | Lair:1   | Found a hazy altar of Hepliaklqana.
 13905 | Lair:2   | Noticed an eight-headed hydra
 13931 | Lair:2   | Killed an eight-headed hydra
 13931 | Lair:2   | Reached ***** piety under Dithmenos
 13946 | Lair:2   | Found a hole to the Spider Nest.
 14887 | Lair:4   | Noticed a catoblepas
 14887 | Lair:4   | Noticed a catoblepas
 14887 | Lair:4   | Noticed a death yak
 14887 | Lair:4   | Noticed a death yak
 14907 | Lair:4   | Noticed a four-headed hydra
 15247 | Orc:1    | Entered Level 1 of the Orcish Mines
 15254 | D:11     | Gained mutation: You can hop long distances. [Barachi
                  | growth]
 15254 | D:11     | Reached XP level 13. HP: 99/99 MP: 18/18
 15494 | Orc:2    | Entered Level 2 of the Orcish Mines
 15700 | D:11     | Reached skill level 1 in Invocations
 15746 | D:12     | Noticed Jorgrun
 15751 | D:12     | Reached skill level 5 in Translocations
 15795 | D:11     | HP: 2/100 [troll (7)]
 15808 | D:11     | Slain by an orc knight

Illustrated notes

Levels and vault maps discovered:
D:1:      lemuel_arrival_lava_pool, layout_basic, kennysheep_nondescript
D:2:      layout_loops_ring, basic_altar
D:3:      layout_basic
D:4:      gammafunk_wand_slinger, layout_basic, uniq_sigmund
D:5:      layout_basic, chequers_temple_overflow_statue_of_worship,
          minmay_temple_entry_large_hall, ebering_ghost_sewer_f, serial_bayou,
          serial_bayou_crossing, serial_bayou_pond_a, serial_bayou_shore_a,
          serial_bayou_lagoon_a, nicolae_shop_gadgets, uniq_prince_ribbit1,
          uniq_ijyb, uniq_edmund
D:6:      layout_basic, kennysheep_slug_shrine, lemuel_zombie_altar_yredelemnul
D:7:      layout_loops_ring, ebering_ghost_inner_flame, minmay_manual_mail,
          uniq_duvessa
D:8:      layout_basic, trog_book
D:9:      minmay_octagon_keep, layout_cave_pools, due_lair_maze_entry_diamond,
          serial_shops, nicolae_lakefront_shop
D:10:     layout_loops_ring
D:11:     layout_stronghold, orc_0_dummy
D:12:     layout_basic, portal_ice_cave_entry_imps, dk_vineyard_3, uniq_fannar,
          uniq_jorgrun, uniq_frances
Temple:   hellmonk_temple_divided_pantheon
Lair:1:   layout_chaotic_city, basic_altar, minivault_27,
          nicolae_quartered_pool_super
Lair:2:   layout_cellular_growth, nicolae_spider_entry_non_spiders,
          minivault_27, nicolae_lair_lindhole
Lair:3:   cheibrodos_lair_overgrown_chateau, layout_hall_layers,
          elwin_shoals_entry_rocks, grunt_forest_large_clearings,
          serial_bayou_shore_b
Lair:4:   nzn_motion_control, layout_long_grid, minmay_lindwurm_lava,
          infiniplex_staircase_pool
Orc:1:    layout_diamond_mine, basic_altar
Orc:2:    st_orc_ogre_mass, layout_caves

Skill      XL: |  1  2  3  4  5  6  7  8  9 10 11 12 13 |
---------------+----------------------------------------+-----
Stealth        | 1 3 |  3.8
Ranged Weapons | 5 6 7 8 9 11 14 16 | 16.0
Fighting       | 3 5 8 |  8.9
Dodging        | 4 9 12 13 | 13.0
Armour         | 1 4 8 |  8.6
Spellcasting   | 3 |  3.9
Translocations | 4 5 |  5.2
Invocations    | 2 |  2.0

Action                   |  1- 3 |  4- 6 |  7- 9 | 10-12 | 13-15 || total
-------------------------+-------+-------+-------+-------+-------++-------
 Fire: Shortbow          |   114 |   104 |   257 |   464 |       ||   939
       Longbow           |       |       |       |   197 |    57 ||   254
 Cast: Blink             |       |       |       |       |     1 ||     1
Invok: Shadow Step       |       |       |       |       |     1 ||     1
 Abil: Hop               |       |     3 |     9 |    23 |     4 ||    39
  Use: Scroll            |     2 |     4 |     9 |    20 |     1 ||    36
       Potion            |       |       |       |    13 |     2 ||    15
Armor: Leather armour    |    10 |    10 |       |       |       ||    20
       Chain mail        |       |       |    96 |   358 |    49 ||   503
       Scale mail        |       |       |     1 |       |       ||     1
Dodge: Dodged            |    19 |    25 |    60 |   318 |    97 ||   519

Table legend: (Time is in decaauts)
 A = Elapsed time spent in this place.
 B = Non-inter-level travel time spent in this place.
 C = Inter-level travel time spent in this place.
 D = Time resting spent in this place.
 E = Time spent auto-exploring this place.
 F = Levels seen in this place.
 G = Mean time per level.
                   A        B        C        D        E       F      G
               +--------+--------+--------+--------+--------+-----+--------+
         Total |  18351 |  16994 |   1357 |   2700 |   7297 |  19 |  965.8 |
       Dungeon |  15300 |  14051 |   1249 |   2336 |   6086 |  12 | 1275.0 |
        Temple |     58 |     58 |      0 |      0 |      0 |   1 |   58.0 |
          Lair |   2767 |   2660 |    107 |    305 |   1211 |   4 |  691.8 |
  Orcish Mines |    225 |    225 |      0 |     59 |      0 |   2 |  112.5 |
               +--------+--------+--------+--------+--------+-----+--------+

Top non-repeatable levels by time:
     D:8: 2868 daAuts
    D:11: 2212 daAuts
     D:1: 1401 daAuts
     D:7: 1370 daAuts
  Lair:2: 1358 daAuts
     D:5: 1270 daAuts
     D:6: 1269 daAuts
     D:9: 1196 daAuts
    D:10: 1044 daAuts
  Lair:1: 1013 daAuts
     D:4: 933 daAuts
     D:2: 906 daAuts
     D:3: 586 daAuts
  Lair:3: 301 daAuts
    D:12: 241 daAuts
